 Seeded DCSS version 0.30-a0-177-g1cb5dbfd7a (webtiles) character file.

Game seed: 12390519720951257836 (custom seed)

984 billz999 the Grappler (level 7, -5/66 HPs)
             Began as a Troll Monk on Oct 3, 2022.
             Slain by an ogre
             ... wielding a +0 giant spiked club
              (20 damage)
             ... on level 5 of the Dungeon.
             The game lasted 00:05:30 (3493 turns).

billz999 the Grappler (Troll Monk)                  Turns: 3493, Time: 00:05:31

Health: -5/66      AC:  4    Str: 22    XL:     7   Next: 97%
Magic:  6/6        EV: 10    Int: 12    God:
Gold:   247        SH:  5    Dex: 12    Spells: 6/6 levels left

rFire   . . .      SeeInvis .      - Unarmed
rCold   . . .      Faith    .    (no shield)
rNeg    . . .      Spirit   .    a - +0 robe
rPois   .          Reflect  +    (helmet restricted)
rElec   .          Harm     .    (no cloak)
rCorr   +          Rampage  +    (gloves unavailable)
Will    .....                    (boots unavailable)
Stlth   ++........               q - amulet of Amorality {Reflect Rampage rCorr SH+5}
HPRegen 1.11/turn                j - ring of wizardry
MPRegen 0.10/turn                u - +6 ring of intelligence

@: no status effects
A: large, unfitting armour, claws 3, regeneration 1, shaggy fur 1, tough skin 1
a: no special abilities


You were on level 5 of the Dungeon.
You visited 1 branch of the dungeon, and saw 5 of its levels.

You collected 247 gold pieces.

Inventory:

Armour
 a - a +0 robe (worn)
Jewellery
 j - a ring of wizardry (left claw)
 q - the amulet of Amorality (around neck) {Reflect Rampage rCorr SH+5}
   (You found it on level 3 of the Dungeon)

   [amulet of reflection]

   It reflects blocked missile attacks.
   rCorr:     It protects you from acid and corrosion.
   SH:        It affects your SH (+5).
   Rampage:   It bestows one free step when moving towards enemies.
 t - an amulet of magic regeneration
 u - a +6 ring of intelligence (right claw)
Scrolls
 c - 3 scrolls of magic mapping {unknown}
 d - a scroll of brand weapon {unknown}
 g - a scroll of blinking {unknown}
 i - 7 scrolls of identify {unknown}
 k - 2 scrolls of enchant armour {unknown}
 l - 2 scrolls of torment {unknown}
 p - a scroll of summoning {unknown}
Potions
 b - a potion of ambrosia
 e - a potion of lignification {unknown}
 f - 2 potions of brilliance {unknown}
 h - a potion of berserk rage {unknown}
 m - a potion of mutation {unknown}
 n - 2 potions of flight {unknown}
 o - 2 potions of heal wounds {unknown}
 r - 2 potions of might
 s - a potion of haste {unknown}


   Skills:
 - Level 2.5 Fighting
 - Level 2.5 Dodging
 - Level 1.1 Stealth
 + Level 9.5 Unarmed Combat


You had 6 spell levels left.
You didn't know any spells.
Your spell library contained the following spells:

 Spells                   Type           Power      Damage    Failure   Level
 Beastly Appendage        Tmut           0%         N/A       13%         1
 Freeze                   Ice            0%         1d3       13%         1
 Wereblood                Tmut           0%         N/A       21%         2
 Frozen Ramparts          Ice            0%         1d1       36%         3
 Hailstorm                Conj/Ice       0%         3d3       36%         3
 Ozocubu's Armour         Ice            0%         N/A       36%         3
 Spider Form              Tmut/Pois      0%         N/A       36%         3
 Ice Form                 Ice/Tmut       0%         N/A       75%         4
 Summon Ice Beast         Ice/Summ       0%         N/A       75%         4
 Ozocubu's Refrigeration  Ice            0%         4d7       100%        7


Dungeon Overview and Level Annotations

Branches:
Dungeon (5/15)
 Temple: D:4-7

Altars:
Uskayaw
Lugonu

Portals:
Abyss: D:4


Innate Abilities, Weirdness & Mutations

You are too large for most types of armour.
You have claws for hands.
Your natural rate of healing is unusually fast.
You are covered in fur. (AC +1)
You have tough skin. (AC +1)


Message History

You claw the black bear!
You kill the black bear!
You scratch the scorpion.
The scorpion is moderately wounded.
The scorpion barely misses you.
The ogre shouts!
You mangle the scorpion!!
You kill the scorpion!
No target in view!
You start resting.
An ogre is nearby!
What are your orders? t - Shout!
Orders for allies: a - Attack new target. r - Retreat! s - Stop attacking. g - Guard the area. f - Follow me.
Anything else - Cancel.
You shout for attention!
You hear an angry hiss. x2
An iguana comes into view.
A phantom comes into view.
You barely miss the ogre. You claw the ogre!
The ogre is moderately wounded.
The ogre hits you with a +0 giant spiked club!!
You scratch the ogre.
The ogre is heavily wounded.
The ogre hits you with a +0 giant spiked club!!
You are too injured to fight recklessly!
The iguana bites you. The phantom barely misses you.
The iguana attacks as you move away! The iguana bites you.
The phantom hits you.
The phantom blinks!
You blink.
You block the iguana's attack. You block the ogre's attack.
The adder attacks as you move away! The adder misses you.
The iguana hisses menacingly.
The iguana bites you!
* * * LOW HITPOINT WARNING * * *
The phantom barely misses you. The ogre attacks as you move away!
The ogre hits you with a +0 giant spiked club!!
You die...

##....s.....
....?..S...
...)....<. #
....h..#. .#
##### #........
..# #...# #†####
... #...# #....#
..# ......#
#..)###OSW.##...#
......+
+.......@l.§>...#
......#
#...####...######
......###...#
#........
......+.....#
#.........
......###.###
#.........
......# #.#
#.........
......###.#
#.........
.#####....#
#.......... .#
#.#.##


You could see an ogre, a phantom, an iguana and an adder.

Vanquished Creatures
  Grinder (D:3)
  Sigmund (D:3)
  An ice beast (D:4)
  A black bear (D:5)
  An ogre (D:4)
  2 scorpions
  3 hounds
  4 adders
  A white imp (D:5)
  An ufetubus (D:4)
  A worm (D:3)
  3 dart slugs
  4 orcs
  8 bats
  4 endoplasms
  2 giant cockroaches
  11 hobgoblins
  2 jackals (D:1)
  7 kobolds
  3 quokkas
  5 ball pythons
  2 frilled lizards (D:1)
  6 goblins
  9 rats
83 creatures vanquished.

Notes
Turn   | Place    | Note
-------+----------+-------------------------------------------
     0 | D:1      | billz999 the Troll Monk began the quest for the Orb.
     0 | D:1      | Reached XP level 1. HP: 22/22 MP: 0/0
    87 | D:1      | Reached XP level 2. HP: 29/29 MP: 1/1
   860 | D:2      | Reached XP level 3. HP: 36/36 MP: 2/2
  1075 | D:2      | Reached skill level 4 in Unarmed Combat
  1299 | D:2      | Found a faded altar of an unknown god.
  1627 | D:3      | Noticed Sigmund
  1654 | D:3      | Killed Sigmund
  1655 | D:3      | Reached skill level 6 in Unarmed Combat
  1655 | D:3      | Reached XP level 4. HP: 9/44 MP: 3/3
  1655 | D:3      | Reached XP level 5. HP: 10/50 MP: 4/4
  1918 | D:3      | Noticed Grinder
  2625 | D:3      | Paralysed by Grinder for 3 turns
  2635 | D:3      | Paralysed by Grinder for 4 turns
  2726 | D:3      | Identified the amulet of Amorality {Reflect Rampage rCorr
                  | SH+5}
  2762 | D:3      | Killed Grinder
  2763 | D:3      | Reached skill level 7 in Unarmed Combat
  2763 | D:3      | Reached XP level 6. HP: 47/59 MP: 5/5
  2880 | D:4      | Found a large runed translucent door.
  2881 | D:4      | Found a large runed translucent door.
  2887 | D:4      | Found a corrupted altar of Lugonu.
  2906 | D:4      | Found a hide-covered altar of Uskayaw.
  2948 | D:4      | Noticed an ice beast
  2964 | D:4      | Reached XP level 7. HP: 54/66 MP: 6/6
  2971 | D:4      | Reached skill level 8 in Unarmed Combat
  3219 | D:4      | Found a one-way gate to the infinite horrors of the Abyss.
  3335 | D:5      | Entered Level 5 of the Dungeon
  3381 | D:5      | Reached skill level 9 in Unarmed Combat
  3389 | D:5      | Identified the +0 pair of gloves "Omaduitt" {rC++ MP-9
                  | Str+4}
  3493 | D:5      | Slain by an ogre

Illustrated notes

Levels and vault maps discovered:
D:1:      lightli_arrival_windingriver, layout_basic
D:2:      minmay_general_purpose_star, layout_basic,
          shapermc_ecumenical_altar_flowoftime, kennysheep_generic_room_2
D:3:      minmay_evil_eye, layout_basic, uniq_sigmund, uniq_grinder
D:4:      due_chaos_kobolds, layout_basic, mainiacjoe_overflow_paths
D:5:      layout_basic, overflow_temple_1_default,
          hellmonk_ghost_happy_afterlife

Skill      XL: |  1  2  3  4  5  6  7 |
---------------+----------------------+-----
Unarmed Combat | 6 7 9 |  9.5
Fighting       | |  2.5
Dodging        | |  2.5
Stealth        | |  1.1

Action                   |  1- 3 |  4- 6 |  7- 9 || total
-------------------------+-------+-------+-------++-------
Melee: Unarmed           |   108 |    30 |    58 ||   196
       Punch             |     5 |     1 |     2 ||     8
  Use: Potion            |     3 |       |       ||     3
 Stab: Sleeping          |     4 |       |       ||     4
       Distracted        |       |       |     1 ||     1
Armor: Robe              |    15 |    10 |    13 ||    38
Dodge: Dodged            |    43 |    15 |    17 ||    75
Block: Other             |       |       |    15 ||    15

Table legend: (Time is in decaauts)
 A = Elapsed time spent in this place.
 B = Non-inter-level travel time spent in this place.
 C = Inter-level travel time spent in this place.
 D = Time resting spent in this place.
 E = Time spent auto-exploring this place.
 F = Levels seen in this place.
 G = Mean time per level.
                   A        B        C        D        E       F      G
               +--------+--------+--------+--------+--------+-----+--------+
         Total |   3475 |   3164 |    311 |    353 |   2233 |   5 |  695.0 |
       Dungeon |   3475 |   3164 |    311 |    353 |   2233 |   5 |  695.0 |
               +--------+--------+--------+--------+--------+-----+--------+

Top non-repeatable levels by time:
     D:3: 1117 daAuts
     D:1: 842 daAuts
     D:2: 832 daAuts
     D:4: 529 daAuts
     D:5: 153 daAuts
